 Dungeon Crawl Stone Soup version 0.27-a0-170-g607d9e9d85 (webtiles) character file.

Game seed: 5596763349474489294

971 HoaS the Twirler (level 8, 0/87 HPs)
             Began as a Formicid Fighter on Jan 28, 2021.
             Succumbed to a scorpion's poison
             ... on level 7 of the Dungeon.
             The game lasted 00:07:31 (2889 turns).

HoaS the Twirler (Formicid Fighter)                 Turns: 2889, Time: 00:07:32

Health: 0/87       AC: 24    Str: 22    XL:     8   Next: 39%
Magic:  8/8        EV:  2    Int:  8    God:
Gold:   152        SH: 11    Dex: 11    Spells: 7/7 levels left

rFire    . . .     SeeInvis .   a - +0 quarterstaff
rCold    . . .     Faith    .   c - +0 kite shield
rNeg     + + +     Spirit   .   (armour currently unavailable)
rPois    +         Reflect  .   (helmet unavailable)
rElec    .         Harm     .   (cloak currently unavailable)
rCorr    .         Rampage  .   (gloves currently unavailable)
Will     .....                  (boots currently unavailable)
Stlth    +.........             (no amulet)
HPRegen  0.24/turn              m - +4 ring of evasion
MPRegen  0.11/turn              (no ring)

@: lethally poisoned (0 -> -2), tree-form
A: permanent stasis, dig shafts and tunnels, four strong arms
a: no special abilities


You were on level 7 of the Dungeon.
You were a tree.
You visited 1 branch of the dungeon, and saw 5 of its levels.

You collected 152 gold pieces.

Inventory:

Hand Weapons
 a - a +0 quarterstaff (weapon)
Missiles
 n - 20 bolts
Armour
 c - a +0 kite shield (worn)
 d - a cursed +0 cloak (melded)
 j - a +0 plate armour (melded)
 k - a +1 tower shield
Jewellery
 m - a +4 ring of evasion (left branch)
Scrolls
 b - a scroll of fog
 f - 4 scrolls of remove curse
 h - 2 scrolls of identify
 o - a scroll of enchant armour
Potions
 g - 2 potions of resistance
 i - a potion of flight
 l - a potion of degeneration {unknown}
 p - a potion of attraction {unknown}
 q - a potion of curing {unknown}


   Skills:
 - Level 3.2 Fighting
 * Level 7.7 Staves
 - Level 3.2 Armour
 + Level 7.2 Shields


You had 7 spell levels left.
You didn't know any spells.
Your spell library was empty.

Dungeon Overview and Level Annotations

Branches:
Dungeon (4/15)
 Temple: D:4-7

Altars:
Cheibriados
Gozag
Okawaru

Shops:
D:7 !


Innate Abilities, Weirdness & Mutations

You cannot be hasted, slowed, berserked, paralysed or teleported.
You can dig through walls and to a lower floor.
Your four strong arms can wield two-handed weapons with a shield.
((You have a pair of large antennae on your head. (SInv)))


Message History

Your cursed +0 cloak melds into your body.
Your +0 plate armour melds into your body.
Your roots penetrate the ground.
* * * LOW HITPOINT WARNING * * *
You feel sick.
The iguana bites you but does no damage.
You barely miss the iguana.
The iguana is lightly wounded.
You block the iguana's attack.
You sock the iguana!
The iguana is almost dead.
* * * LOW HITPOINT WARNING * * *
You feel sick.
The iguana bites you but does no damage.
You barely miss the iguana.
The iguana is almost dead.
The iguana bites you but does no damage.
You thump the iguana!
You kill the iguana!
You die...

..#.................#.....
...........#.#......##....
.............#......# ....
....................# ...
.............#####.## ...
.........8...#... .#
.................. .
......)..<..##....
........#♣### ..##
.......†∩........
.#.............##
........8.......
....#.........##
................
............#.##
..........#.#


There were no monsters in sight!

Vanquished Creatures
  Pikel (D:4)
  A bullfrog (D:7)
  2 scorpions
  A howler monkey (D:4)
  2 orc priests (D:3)
  3 orc wizards (D:4)
  2 iguanas (D:7)
  2 worker ants
  2 adders
  An ooze (D:3)
  3 dart slugs
  2 leopard geckos
  6 orcs
  3 ball pythons
  3 bats
  4 giant cockroaches
  5 goblins (D:2)
  11 hobgoblins
  7 jackals
  5 quokkas
  8 frilled lizards
  6 kobolds
  A leopard gecko skeleton (D:4)
  9 rats
90 creatures vanquished.

Notes
Turn   | Place    | Note
-------+----------+-------------------------------------------
     0 | D:1      | HoaS the Formicid Fighter began the quest for the Orb.
     0 | D:1      | Reached XP level 1. HP: 18/18 MP: 1/1
    92 | D:1      | Reached XP level 2. HP: 24/24 MP: 2/2
   463 | D:1      | Reached XP level 3. HP: 29/29 MP: 3/3
   874 | D:2      | Found a snail-covered altar of Cheibriados.
   955 | D:2      | Found an opulent altar of Gozag.
  1003 | D:2      | Reached XP level 4. HP: 35/35 MP: 4/4
  1724 | D:3      | Reached XP level 5. HP: 41/41 MP: 5/5
  1834 | D:3      | Reached skill level 5 in Shields
  2401 | D:3      | Reached XP level 6. HP: 47/47 MP: 6/6
  2425 | D:3      | Reached skill level 5 in Staves
  2529 | D:4      | Noticed Pikel
  2561 | D:4      | Killed Pikel
  2562 | D:4      | Reached XP level 7. HP: 20/52 MP: 7/7
  2573 | D:4      | Reached XP level 8. HP: 21/58 MP: 8/8
  2780 | D:4      | Found an iron altar of Okawaru.
  2826 | D:4      | You fall into a shaft and drop 3 floors!
  2850 | D:7      | Found Larox's Distillery.
  2882 | D:7      | HP: 2/58 [poisoned by a scorpion]
  2887 | D:7      | HP: 1/87 [poisoned by a scorpion]
  2889 | D:7      | Succumbed to a scorpion's poison

Illustrated notes

Levels and vault maps discovered:
D:1:      psy_arrival_fountain, layout_rooms, minivault_25, minmay_pentomino_v4
D:2:      layout_loops_ring, general_overflow_altar, old_standard_altar,
          grunt_ministairs_5
D:3:      layout_loops_ring
D:4:      layout_rooms, vehumet_altar_wand_db, okawaru_trees_2, uniq_pikel
D:7:      layout_basic, elyvilon_altar_3, serial_shops, shop_statue

Skill      XL: |  1  2  3  4  5  6  7  8 |
---------------+-------------------------+-----
Shields        | 4 5 6 7 |  7.2
Staves         | 3 4 6 7 |  7.7
Fighting       | |  3.2
Armour         | |  3.2

Action                   |  1- 3 |  4- 6 |  7- 9 || total
-------------------------+-------+-------+-------++-------
Melee: Quarterstaff      |   134 |   148 |    63 ||   345
 Abil: Dig               |     1 |     4 |       ||     5
  Use: Scroll            |     5 |     4 |       ||     9
       Potion            |       |     1 |     2 ||     3
Armor: Scale mail        |    17 |       |       ||    17
       Plate armour      |    52 |    65 |    13 ||   130
       Skin              |       |       |     3 ||     3
Dodge: Dodged            |    19 |    24 |    16 ||    59
Block: Kite shield       |    69 |    68 |    24 ||   161

Table legend: (Time is in decaauts)
 A = Elapsed time spent in this place.
 B = Non-inter-level travel time spent in this place.
 C = Inter-level travel time spent in this place.
 D = Time resting spent in this place.
 E = Time spent auto-exploring this place.
 F = Levels seen in this place.
 G = Mean time per level.
                   A        B        C        D        E       F      G
               +--------+--------+--------+--------+--------+-----+--------+
         Total |   2973 |   2911 |     62 |    692 |   1431 |   5 |  594.6 |
       Dungeon |   2973 |   2911 |     62 |    692 |   1431 |   5 |  594.6 |
               +--------+--------+--------+--------+--------+-----+--------+

Top non-repeatable levels by time:
     D:3: 1085 daAuts
     D:2: 818 daAuts
     D:1: 682 daAuts
     D:4: 325 daAuts
     D:7: 62 daAuts
